 Dungeon Crawl Stone Soup version 0.29.0-11-gd7f09526c8 (webtiles) character file.

Game seed: 252946822098167678

678 funkygono the Firebug (level 7, -1/37 HPs)
             Began as a Gargoyle Fire Elementalist on Sept 2, 2022.
             Slain by a wyvern (11 damage)
             ... on level 5 of the Dungeon.
             The game lasted 00:07:13 (4030 turns).

funkygono the Firebug (Gargoyle Fire Elementalist)  Turns: 4030, Time: 00:07:13

Health: -1/37      AC: 15    Str: 12    XL:     7   Next: 60%
Magic:  0/13       EV: 12    Int: 17    God:
Gold:   63         SH:  0    Dex: 10    Spells: 5/15 levels left

rFire   + . .      SeeInvis .   q - +0 whip
rCold   x . .      Faith    .   (no shield)
rNeg    + . .      Spirit   .   a - +0 robe
rPois   ∞          Reflect  .   (no helmet)
rElec   +          Harm     .   u - +1 cloak
rCorr   .          Rampage  .   t - +2 pair of gloves
Will    .....                   (no boots)
Stlth   ++........              (no amulet)
HPRegen 0.12/turn               p - +4 ring of protection
MPRegen 0.13/turn               f - ring of fire

@: no status effects
A: sickness immunity, AC +4, negative energy resistance 1, electricity
resistance, torment resistance 1, petrification resistance
a: no special abilities


You were on level 5 of the Dungeon.
You visited 2 branches of the dungeon, and saw 8 of its levels.

You collected 235 gold pieces.
You spent 172 gold pieces at shops.

Inventory:

Hand Weapons
 q - a +0 whip (weapon)
 s - a +0 mace
 x - a +2 dire flail of draining
Armour
 a - a +0 robe (worn)
 t - a +2 pair of gloves (worn)
 u - a +1 cloak (worn)
 v - a +2 pair of gloves
Jewellery
 f - a ring of fire (right hand)
 p - a +4 ring of protection (left hand)
Scrolls
 d - a scroll of brand weapon {unknown}
 h - 2 scrolls of poison {unknown}
 i - a scroll of fog {unknown}
 j - a scroll of fear {unknown}
 k - 3 scrolls of enchant weapon {unknown}
 l - 3 scrolls of identify {unknown}
 r - a scroll of summoning {unknown}
 w - a scroll of noise {unknown}
 y - a scroll of amnesia {unknown}
 z - a scroll of teleportation {unknown}
Potions
 b - 2 potions of magic
 c - a potion of ambrosia {unknown}
 e - a potion of attraction {unknown}
 g - 3 potions of flight {unknown}
 m - a potion of resistance {unknown}
 n - 2 potions of heal wounds {unknown}
 o - 3 potions of invisibility {unknown}


   Skills:
 + Level 0.3 Fighting
 + Level 0.2 Maces & Flails
 + Level 2.0 Dodging
 + Level 3.2 Stealth
 + Level 4.6 Spellcasting
 + Level 3.8 Conjurations
 + Level 5.7 Fire Magic


You had 5 spell levels left.
You knew the following spells:

 Your Spells              Type           Power      Damage    Failure   Level
a - Foxfire               Conj/Fire      100%       2x1d9     1%          1
b - Scorch                Fire           70%        2d9       2%          2
c - Conjure Flame         Conj/Fire      30%        6-21      6%          3
d - Flame Wave            Conj/Fire      30%        2d9       21%         4

Your spell library contained the following spells:

 Spells                   Type           Power      Damage    Failure   Level
 Inner Flame              Hex/Fire       20%        N/A       14%         3


Dungeon Overview and Level Annotations

Branches:
Dungeon (7/15)             Temple (1/1) D:6

Altars:
Ashenzari
Cheibriados
Dithmenos
Elyvilon
Gozag
Hepliaklqana
Makhleb
Nemelex Xobeh
Qazlal
Sif Muna
Trog
Xom
Yredelemnul
Zin

Shops:
D:4 *:([:


Innate Abilities, Weirdness & Mutations

You are immune to sickness and miasma.
Your stone body is resilient. (AC +4)
You are immune to poison.
You resist negative energy. (rN+)
You are resistant to electric shocks. (rElec)
You are resistant to unholy torment.
You are immune to petrification.


Message History

a +0 dagger; a +0 ring mail; an orc corpse You hit the wyvern but do no damage.
The wyvern is moderately wounded.
The wyvern bites you!
You hit the wyvern but do no damage.
The wyvern is moderately wounded.
The wyvern barely misses you. The wyvern misses you.
You barely miss the wyvern.
The wyvern is moderately wounded.
The wyvern misses you.
Casting: Foxfire (safe; 1% risk of failure)
Confirm with . or Enter, or press ? or * to list all spells.
You feel a surge of power!
You conjure some foxfire!
The wyvern bites you. The wyvern barely misses you.
Unknown command.
You hit the wyvern but do no damage.
The wyvern is moderately wounded.
The foxfire hits the wyvern.
The wyvern is heavily wounded.
The foxfire hits the wyvern.
The wyvern is severely wounded.
The wyvern bites you but does no damage.
The wyvern misses you.
You barely miss the wyvern.
The wyvern is severely wounded.
The wyvern closely misses you.
You barely miss the wyvern.
The wyvern is severely wounded.
The wyvern bites you but does no damage.
The wyvern bites you.
You hit the wyvern.
The wyvern is severely wounded.
The wyvern bites you!
* * * LOW HITPOINT WARNING * * *
The wyvern barely misses you.
Unknown command.
Casting: Foxfire (safe; 1% risk of failure)
Confirm with . or Enter, or press ? or * to list all spells.
You feel a surge of power!
You conjure some foxfire!
The wyvern bites you!
You die...

...# ...##
...# ..
...#### ...
#..#..#
....###.....#
.......v....#
#)l@....##
#.)v.....#
.......##.###
....##### #
... .. #


You could see a wyvern (ally target).

Vanquished Creatures
  Edmund (D:6)
  A water moccasin (D:6)
  An ogre (D:5)
  A necrophage (D:6)
  2 hounds
  2 orc priests
  4 gnolls (D:4)
  9 adders
  2 worms
  3 dart slugs
  5 orcs
  7 bats
  3 endoplasms
  4 giant cockroaches
  4 goblins
  6 hobgoblins
  3 jackals (D:1)
  4 quokkas
  5 ball pythons
  3 frilled lizards
  3 kobolds
  7 rats
80 creatures vanquished.

Vanquished Creatures (others)
  228 foxfires
228 creatures vanquished.

Grand Total: 308 creatures vanquished

Notes
Turn   | Place    | Note
-------+----------+-------------------------------------------
     0 | D:1      | funkygono the Gargoyle Fire Elementalist began the quest
                  | for the Orb.
     0 | D:1      | Reached XP level 1. HP: 10/10 MP: 3/3
    82 | D:1      | Found a faded altar of an unknown god.
   289 | D:1      | Reached XP level 2. HP: 14/15 MP: 1/5
   423 | D:1      | Learned a level 2 spell: Scorch
   732 | D:1      | Reached XP level 3. HP: 18/19 MP: 4/6
   736 | D:1      | Learned a level 3 spell: Conjure Flame
  1334 | D:2      | Reached XP level 4. HP: 24/24 MP: 2/7
  2769 | D:3      | Reached XP level 5. HP: 28/28 MP: 6/9
  2903 | D:3      | Learned a level 4 spell: Flame Wave
  2989 | D:4      | Found Jiylozir's Book Shop.
  3058 | D:4      | Found Oggakhlul's Antique Armour Shop.
  3063 | D:4      | Found Unnavupt's Weapon Shop.
  3146 | D:4      | Found Waaxaohu's General Store.
  3157 | D:4      | Bought a glowing cloak for 172 gold pieces
  3262 | D:4      | Reached skill level 4 in Fire Magic
  3373 | D:4      | Found Gojis's Book Shoppe.
  3520 | D:4      | You fall into a shaft and drop 3 floors!
  3564 | D:6      | Reached XP level 6. HP: 32/32 MP: 4/11
  3640 | D:6      | Found a staircase to the Ecumenical Temple.
  3652 | Temple   | Entered the Ecumenical Temple
  3652 | Temple   | Found a transporter.
  3652 | Temple   | Found a transporter.
  3654 | Temple   | Found a transporter.
  3654 | Temple   | Found a transporter.
  3719 | D:6      | Noticed Edmund
  3726 | D:6      | Killed Edmund
  3832 | D:6      | Noticed a water moccasin
  3846 | D:6      | Killed a water moccasin
  3847 | D:6      | Reached skill level 5 in Fire Magic
  3847 | D:6      | Reached XP level 7. HP: 36/36 MP: 6/13
  3977 | D:6      | Found a sparkling altar of Nemelex Xobeh.
  3997 | D:5      | Entered Level 5 of the Dungeon
  4015 | D:5      | Noticed a wyvern
  4030 | D:5      | Slain by a wyvern

Illustrated notes

Levels and vault maps discovered:
D:1:      roderic_dead_forest, layout_loops_cross,
          ebering_ecumenical_altar_sacrificial, dk_noncrumbling_4,
          serial_park_tiny_2, minmay_heptomino_d4
D:2:      minmay_spotlight, layout_rooms
D:3:      layout_basic, minmay_misc_feat_chi, amcnicky_mini_pool_small
D:4:      layout_rooms, tso_oasis_becter, serial_shops, shop, shop, shop,
          kennysheep_little_box, nicolae_shop_crystal
D:5:      layout_cave_pools, gammafunk_ghost_mausoleum,
          kennysheep_generic_room_8, uniq_menkaure
D:6:      layout_rooms, fedhas_altar_4, lemuel_crystal_altar,
          minmay_temple_entry_glassed_door, uniq_edmund, uniq_sigmund
D:7:      layout_basic, chequers_decorated_corner, bh_walls_and_bars
Temple:   hellmonk_temple_divided_pantheon

Skill      XL: |  1  2  3  4  5  6  7 |
---------------+----------------------+-----
Conjurations   | 2 3 |  3.8
Spellcasting   | 3 4 |  4.6
Fire Magic     | 4 5 |  5.7
Stealth        | 3 |  3.2
Dodging        | 2 |  2.0
Fighting       | |  0.3
Maces & Flails | |  0.2

Action                   |  1- 3 |  4- 6 |  7- 9 || total
-------------------------+-------+-------+-------++-------
Melee: Unarmed           |     4 |       |       ||     4
       Club              |    20 |       |       ||    20
       Whip              |       |    12 |     7 ||    19
 Cast: Foxfire           |    46 |    78 |    23 ||   147
       Scorch            |     1 |    12 |       ||    13
Armor: Robe              |    10 |     8 |     6 ||    24
Dodge: Dodged            |    22 |    17 |    11 ||    50
